 Dungeon Crawl Stone Soup version 0.21.1-1-g345015f (webtiles) character file.

228 Mirai the Thaumaturge (level 5, -4/28 HPs)
             Began as a Deep Elf Conjurer on Mar 23, 2018.
             Was an Initiate of Vehumet.
             Killed from afar by an orc wizard (7 damage)
             ... with a magic dart
             ... on level 4 of the Dungeon.
             The game lasted 00:08:23 (2340 turns).

Mirai the Thaumaturge (Deep Elf Conjurer)           Turns: 2340, Time: 00:08:24

Health: -4/28      AC:  3    Str:  5    XL:     5   Next: 70%
Magic:  17/17      EV: 13    Int: 21    God:    Vehumet [......]
Gold:   101        SH:  0    Dex: 15    Spells: 19/20 levels left

rFire    . . .     SeeInvis .   e - +0 dagger
rCold    . . .     Gourm    .   (no shield)
rNeg     . . .     Faith    .   a - +0 robe
rPois    .         Spirit   .   u - +0 helmet
rElec    .         Reflect  .   (no cloak)
rCorr    .         Harm     .   (no gloves)
MR       .....                  (no boots)
Stlth    ++........             x - amulet of magic regeneration
HPRegen  0.09/turn              (no ring)
MPRegen  0.40/turn              (no ring)

@: no status effects
A: no striking features
a: Renounce Religion


You were on level 4 of the Dungeon.
You worshipped Vehumet.
Vehumet was noncommittal.
You were not hungry.

You visited 2 branches of the dungeon, and saw 5 of its levels.

You collected 101 gold pieces.

Inventory:

Hand Weapons
 e - a +0 dagger (weapon)
 h - a +0 dagger
 j - a +0 dagger
 k - a +0 hand axe
 o - a +0 dagger
 t - a +1 mace of draining
Armour
 a - a +0 robe (worn)
 u - a +0 helmet (worn)
Jewellery
 x - an amulet of magic regeneration (around neck)
Wands
 l - a wand of flame (18)
Scrolls
 d - 3 scrolls of teleportation {unknown}
 g - a scroll of noise {unknown}
 i - a scroll of fog {unknown}
 m - a scroll of enchant weapon {unknown}
 w - a scroll of identify {unknown}
Potions
 n - a potion of heal wounds {unknown}
 q - a potion of might {unknown}
 v - a potion of curing {unknown}
Books
 b - a book of Conjurations

   Spells                             Type                      Level
   a - Magic Dart                     Conjuration                  1
   b - Searing Ray                    Conjuration                  2
   c - Dazzling Spray                 Conjuration/Hexes            3
   d - Fulminant Prism                Conjuration/Hexes            4
   e - Force Lance                    Conjuration/Translocation    4
   f - Iskenderun's Mystic Blast      Conjuration                  4
Comestibles
 c - 7 rations
 r - a chunk of flesh


   Skills:
 - Level 2.4 Dodging
 - Level 2.4 Stealth
 + Level 8.1 Spellcasting
 - Level 4.3 Conjurations


You had 19 spell levels left.
You knew the following spells:

 Your Spells              Type           Power        Failure   Level  Hunger
a - Magic Dart            Conj           ####         1%          1    None


Dungeon Overview and Level Annotations

Branches:
Dungeon (4/15)             Temple (1/1) D:4

Altars:
Ashenzari
Cheibriados
Dithmenos
Elyvilon
Fedhas
Gozag
Hepliaklqana
Kikubaaqudgha
Makhleb
Nemelex Xobeh
Okawaru
Qazlal
Ru
Sif Muna
Trog
Uskayaw
Vehumet
Wu Jian
Xom
Yredelemnul
Zin
The Shining One

Annotations:
D:3 lightbrinder's ghost, amateur DDFi


Message History

The orc completely misses you.
Unknown command.
It was a potion of haste.
You feel yourself speed up.
You hear some strange, mumbled words.
Something tries to affect you, but you resist.
The orc misses you.
It was a potion of cancellation.
Your magical effects are unravelling.
You feel magically purged.
You feel yourself slow down.
You feel less confused.
You feel a little less clever now. Something completely misses you.
An orc wizard appears from thin air!
Reactivating autopickup.
The orc wizard points at you and mumbles some strange words.
You resist with some effort.
You see here a scale mail.
The orc wizard gestures at you while chanting.
The magic dart hits you!
You die...

#.................##.# ##.####
.................###.####....#
......###.................#..#
.#....# #........#####.##.#.##
......#..........# #.##.#.#
...<....#........# #.##.#.#
......###........## #.##.#.#
..#.### #####.....# ##.##.#.#
..#.# ###...@.###.......#
..... ........o..........#
....## ####....#o#........#
..### #....#..........# ..#
#....o....#.#..## ..#
#.....#..#.#.#..##
#................#
..................#
#..#...#..........#


You could see an orc wizard and 2 orcs.

Vanquished Creatures
  An orc priest (D:4)
  Natasha (thrice) (D:2)
  4 adders
  An adder skeleton (D:4)
  4 worms
  3 dart slugs (D:1)
  2 leopard geckos
  5 orcs
  2 giant cockroaches (D:2)
  4 goblins
  8 hobgoblins
  4 jackals (D:1)
  10 kobolds
  2 quokkas
  6 bats
  6 frilled lizards
  6 rats
71 creatures vanquished.

Notes
Turn   | Place    | Note
-------+----------+-------------------------------------------
     0 | D:1      | Mirai the Deep Elf Conjurer began the quest for the Orb.
     0 | D:1      | Reached XP level 1. HP: 10/10 MP: 6/6
   264 | D:1      | Reached skill level 4 in Spellcasting
   264 | D:1      | Reached XP level 2. HP: 15/15 MP: 5/9
   675 | D:1      | Reached XP level 3. HP: 19/19 MP: 8/11
   735 | D:1      | Reached skill level 5 in Spellcasting
   875 | D:2      | Found a shattered altar of Ashenzari.
  1097 | D:2      | Noticed Natasha
  1102 | D:2      | Killed Natasha
  1102 | D:2      | Reached skill level 6 in Spellcasting
  1102 | D:2      | Reached XP level 4. HP: 7/24 MP: 7/14
  1171 | D:2      | Noticed Natasha
  1177 | D:2      | Killed Natasha
  1189 | D:2      | Noticed Natasha
  1421 | D:2      | Killed Natasha
  1421 | D:2      | Reached skill level 7 in Spellcasting
  1521 | D:2      | Reached XP level 5. HP: 28/28 MP: 10/16
  1813 | D:3      | Found an iron altar of Okawaru.
  1844 | D:3      | Noticed lightbrinder's ghost (amateur DDFi)
  1868 | D:4      | Found a staircase to the Ecumenical Temple.
  1940 | Temple   | Entered the Ecumenical Temple
  2164 | Temple   | Became a worshipper of Vehumet
  2219 | D:4      | Reached skill level 8 in Spellcasting
  2340 | D:4      | Killed from afar by an orc wizard

Skill      XL: |  1  2  3  4  5 |
---------------+----------------+-----
Spellcasting   | 4 6 7 8 |  8.1
Dodging        | |  2.4
Stealth        | |  2.4
Conjurations   | |  4.3

Action                   |  1- 3 |  4- 6 || total
-------------------------+-------+-------++-------
Melee: Unarmed           |     1 |       ||     1
       Dagger            |     2 |     6 ||     8
 Cast: Magic Dart        |    80 |    88 ||   168
  Use: Potion            |       |     3 ||     3
  Eat: Chunk             |       |     4 ||     4
Armor: Robe              |     6 |     5 ||    11
Dodge: Dodged            |    23 |    20 ||    43
